 Dungeon Crawl Stone Soup version 0.24.0-28-g17ded55e90 (webtiles) character file.

Game seed: 2275793221375479627, levelgen mode: deterministic

455 Arum the Slasher (level 6, -13/49 HPs)
             Began as a Demonspawn Gladiator on Nov 12, 2019.
             Mangled by an ogre
             ... wielding a +0 giant club
              (22 damage)
             ... on level 4 of the Dungeon.
             The game lasted 00:03:28 (2159 turns).

Arum the Slasher (Demonspawn Gladiator)             Turns: 2159, Time: 00:03:29

Health: -13/49     AC: 11    Str: 14    XL:     6   Next: 76%
Magic:  6/6        EV: 14    Int:  9    God:
Gold:   168        SH:  0    Dex: 17    Spells: 5/5 levels left

rFire    . . .     SeeInvis .   a - +0 long sword
rCold    . . .     Gourm    .   (no shield)
rNeg     . . .     Faith    .   b - +0 leather armour
rPois    .         Spirit   .   c - +0 helmet
rElec    .         Reflect  .   o - +2 cloak
rCorr    .         Harm     .   n - +0 pair of gloves
MR       .....                  i - +2 pair of boots
Stlth    +.........             q - amulet of regeneration
HPRegen  0.56/turn              (no ring)
MPRegen  0.10/turn              (no ring)

@: no status effects
A: talons 1, spiny 1
a: no special abilities


You were on level 4 of the Dungeon.
You were not hungry.

You visited 1 branch of the dungeon, and saw 4 of its levels.

You collected 168 gold pieces.

Inventory:

Hand Weapons
 a - a +0 long sword (weapon)
Missiles
 d - 3 throwing nets (quivered)
 p - 2 datura-tipped darts
 r - 10 poisoned darts
Armour
 b - a +0 leather armour (worn)
 c - a +0 helmet (worn)
 i - a +2 pair of boots (worn)
 n - a +0 pair of gloves (worn)
 o - a +2 cloak (worn)
Jewellery
 q - an amulet of regeneration (around neck)
Scrolls
 e - a scroll of teleportation {unknown}
 h - 6 scrolls of identify {unknown}
 k - 2 scrolls of remove curse {unknown}
 l - a scroll of noise {unknown}
 m - 2 scrolls of fog {unknown}
Potions
 g - 4 potions of curing {unknown}
 j - 2 potions of mutation {unknown}
 s - a potion of magic {unknown}
 u - a potion of flight {unknown}
Comestibles
 f - 12 rations
 t - 4 chunks of flesh


   Skills:
 + Level 4.5 Fighting
 + Level 4.6 Long Blades
 - Level 1.7 Throwing
 + Level 4.5 Dodging


You had 5 spell levels left.
You didn't know any spells.
Your spell library was empty.

Dungeon Overview and Level Annotations

Branches:
Dungeon (4/15)
 Temple: D:4-7

Altars:
Cheibriados
Fedhas
Kikubaaqudgha
Vehumet


Innate Abilities, Weirdness & Mutations

You have sharp toenails.
You are partially covered in sharp spines.


Message History

The jackal barely misses you. x2; You riposte.
You slash the jackal!
You kill the jackal!
The jackal is struck by your spines.
You kill the jackal!
You barely miss the ogre.
The ogre hits you with a +0 giant club!!
You hit the ogre but do no damage. The ogre barely misses you.
You hit the ogre but do no damage. The ogre completely misses you.
You hit the ogre.
The ogre is lightly wounded.
The ogre is struck by your spines. The ogre hits you with a +0 giant club!
You hit the ogre.
The ogre is heavily wounded.
The ogre is struck by your spines. The ogre hits you with a +0 giant club!
* * * LOW HITPOINT WARNING * * *
You closely miss the ogre.
The ogre is heavily wounded.
The ogre is struck by your spines.
The ogre hits you with a +0 giant club!!
You die...

+..#.........#..
.......##.............#
#......#<...######....#
....%..#....# ........#
#......#...## #......##
.....$.#..)# #........
#..(..+...#####......##
#....O#.#............##
#..@!#.....#.###..##
###..#.....#.# #..##
#.##.....#####..##
........... .....>
##.##.....#.###.##.
#.##.....#.##.....
.###.....#.##..... .# .
#.>...##. .#.#
#.....###


You could see an ogre.

Vanquished Creatures
  Eustachio (D:4)
  An ogre (D:4)
  A hound (D:4)
  An orc wizard (D:3)
  A worker ant (D:4)
  A hound skeleton (D:4)
  6 adders
  A worm (D:3)
  3 dart slugs
  A leopard gecko (D:4)
  4 orcs (D:3)
  10 bats
  3 giant cockroaches
  5 goblins
  7 hobgoblins
  3 jackals (D:4)
  2 quokkas
  5 frilled lizards
  11 kobolds
  7 rats
74 creatures vanquished.

Notes
Turn   | Place    | Note
-------+----------+-------------------------------------------
     0 | D:1      | Arum the Demonspawn Gladiator began the quest for the Orb.
     0 | D:1      | Reached XP level 1. HP: 16/16 MP: 1/1
   222 | D:1      | Gained mutation: You have sharp toenails. [demonic
                  | ancestry]
   222 | D:1      | Reached XP level 2. HP: 19/22 MP: 2/2
   738 | D:1      | Gained mutation: You are partially covered in sharp spines.
                  | [demonic ancestry]
   738 | D:1      | Reached XP level 3. HP: 28/28 MP: 3/3
   866 | D:2      | Found a snail-covered altar of Cheibriados.
   997 | D:2      | Found a radiant altar of Vehumet.
  1006 | D:2      | Reached XP level 4. HP: 35/35 MP: 4/4
  1096 | D:2      | Found a blossoming altar of Fedhas.
  1585 | D:3      | Reached XP level 5. HP: 17/41 MP: 5/5
  1995 | D:4      | Found an ancient bone altar of Kikubaaqudgha.
  2065 | D:4      | Noticed an ogre
  2075 | D:4      | Killed an ogre
  2075 | D:4      | Reached XP level 6. HP: 48/48 MP: 6/6
  2121 | D:4      | Noticed Eustachio
  2138 | D:4      | Killed Eustachio
  2159 | D:4      | Mangled by an ogre

Levels and vault maps discovered:
D:1:      dpeg_arrival_snail, layout_basic
D:2:      cheibrodos_helix_gallery, layout_loops_ring,
          nicolae_overflow_crystal_walls, old_standard_altar,
          kennysheep_slug_shrine
D:3:      layout_rooms, first_ration
D:4:      cheibrodos_old_hovel, layout_basic, lemuel_crystal_altar,
          led_sif_pool, uniq_eustachio

Skill      XL: |  1  2  3  4  5 |
---------------+----------------+-----
Dodging        | 3 4 |  4.5
Long Blades    | 3 4 |  4.6
Fighting       | 3 4 |  4.5
Throwing       | |  1.7

Action                   |  1- 3 |  4- 6 || total
-------------------------+-------+-------++-------
Melee: Long sword        |    71 |    84 ||   155
       Kick              |     6 |       ||     6
 Stab: Sleeping          |     1 |     2 ||     3
  Eat: Chunk             |       |     4 ||     4
Armor: Leather armour    |    35 |    30 ||    65
Dodge: Dodged            |    81 |    64 ||   145
       Rpst.: Long sword |    25 |    17 ||    42
